 Dungeon Crawl Stone Soup version 0.31-a0-233-g139696dc86 (webtiles) character file.

Game seed: 5229249330105025204

303 qw the Shooter (level 6, -2/38 HPs)
             Began as a Gargoyle Hexslinger on July 8, 2023.
             Slain by a phantom (4 damage)
             ... on level 5 of the Dungeon.
             The game lasted 00:01:12 (3004 turns).

qw the Shooter (Gargoyle Hexslinger)                Turns: 3004, Time: 00:01:12

Health: -2/38      AC:  9    Str: 12    XL:     6   Next: 38%
Magic:  7/7        EV: 10    Int: 13    God:
Gold:   644        SH:  0    Dex: 14    Spells: 6/7 levels left

rFire   . . .        Y - +1 sling (flame)
rCold   . . .        (no shield)
rNeg    + + .        g - +0 ring mail
rPois   inf          (no helmet)
rElec   +            (no cloak)
rCorr   .            (no gloves)
SInv    .            (no boots)
Will    .....        h - amulet of the acrobat
Stlth   +            k - ring of positive energy
HPRegen 0.26/turn    (no ring)
MPRegen 0.10/turn

%: acrobat
@: no status effects
A: sickness immunity, AC +4, negative energy resistance 1, electricity
resistance, torment resistance 1, petrification resistance
a: no special abilities


You were on level 5 of the Dungeon.
You visited 1 branch of the dungeon, and saw 5 of its levels.

You collected 644 gold pieces.


Innate Abilities, Weirdness & Mutations

You are immune to sickness and miasma.
Your stone body is resilient. (AC +4)
You are immune to poison.
You resist negative energy. (rN+)
You are resistant to electric shocks. (rElec)
You are resistant to unholy torment.
You are immune to petrification.


   Skills:
 - Level 3.8 Fighting
 + Level 5.3 Ranged Weapons
 - Level 1.0 Armour
 - Level 1.5 Dodging
 - Level 1.0 Spellcasting
 - Level 2.6 Hexes


You had 6 spell levels left.
You knew the following spells:

 Your Spells              Type           Power      Damage    Failure   Level
a - Slow                  Hex            28%        N/A       22%         1

Your spell library contained the following spells:

 Spells                   Type           Power      Damage    Failure   Level
 Inner Flame              Hex/Fire       4%         N/A       73%         3
 Portal Projectile        Hex/Tloc       8%         N/A       73%         3
 Cause Fear               Hex            3%         N/A       91%         4

Inventory:

Hand Weapons
 Y - a +1 sling of flaming (weapon)
Armour
 g - a +0 ring mail (worn)
Jewellery
 d - a ring of fire
 h - an amulet of the acrobat (around neck)
 i - a ring of ice
 k - a ring of positive energy (left hand)
Scrolls
 c - a scroll of identify
Potions
 a - a potion of haste
 b - a potion of lignification {unknown}
 e - a potion of enlightenment
 f - a potion of degeneration {unknown}
 m - a potion of magic {unknown}
 n - a potion of cancellation {unknown}

Dungeon Overview and Level Annotations

Branches:
Dungeon (5/15)
 Temple: D:4-7

Altars:

Annotations:
D:3 1 runed translucent door, Crazy Yiuf


Message History

The hound bites you but does no damage. The orc completely misses you.
Something closely misses you. The hound bites you.
The hound bites you but does no damage. Something hits you.
The orc completely misses you.
You feel less confused. The hound completely misses you.
The orc completely misses you.
You hear some strange, mumbled words.
A magic dart appears from out of thin air!
The magic dart hits you!
2998 ||| READING scroll of teleportation.
As you read the scroll of teleportation, it crumbles to dust.
You feel strangely unstable.
The hound pauses to sniff the ground.
The hound bites you. The hound barely misses you. The orc barely misses you.
Something hits you but does no damage.
You shoot a sling bullet. The sling bullet hits the hound.
The sling bullet burns the hound.
The hound is heavily wounded.
The hound bites you but does no damage. The orc hits you but does no damage.
Something hits you but does no damage.
The hound stops to sniff the ground.
The hound completely misses you.
You shoot a sling bullet. The sling bullet hits the hound.
The sling bullet burns the hound.
The hound is severely wounded.
The hound closely misses you. The orc hits you but does no damage.
Something hits you but does no damage. The hound bites you.
You shoot a sling bullet. The sling bullet misses the hound.
Your surroundings suddenly seem different.
A phantom comes into view.
Found a scroll of teleportation and a book of Winter.
Autopickup is now on.
You shoot a sling bullet.
The sling bullet barely misses the phantom.
You shoot a sling bullet.
The sling bullet closely misses the phantom.
You shoot a sling bullet.
The sling bullet closely misses the phantom.
The phantom hits you.
You die...

####.####
#......:#
#.......#
#.......#
#.......#
#.......#
#...W...#
#..@..?.#
#########


You could see a phantom.

Vanquished Creatures
  2 scorpions (D:4)
  Jessica (D:2)
  Terence (D:2)
  An orc wizard (D:4)
  2 adders
  3 worms
  2 dart slugs
  8 orcs
  10 endoplasms
  4 giant cockroaches
  9 goblins
  4 hobgoblins
  3 jackals (D:2)
  5 quokkas
  A ball python (D:1)
  4 bats
  2 frilled lizards
  3 kobolds
  4 rats
69 creatures vanquished.

Notes
Turn   | Place    | Note
-------+----------+-------------------------------------------
     0 | D:1      | qw the Gargoyle Hexslinger began the quest for the Orb.
     0 | D:1      | Reached XP level 1. HP: 12/12 MP: 2/2
     0 | D:1      | 0 ||| qw: Version: 0.3-a-46-gb1f654a
     0 | D:1      | 0 ||| qw: Game counter: 3478
     0 | D:1      | 0 ||| qw: Melee chars always use a shield: true
     0 | D:1      | 0 ||| qw: God list: Okawaru
     0 | D:1      | 0 ||| qw: Allow faded altars: false
     0 | D:1      | 0 ||| qw: Do Orc after clearing Dungeon:15 true
     0 | D:1      | 0 ||| qw: Do second Lair branch before Depths: true
     0 | D:1      | 0 ||| qw: Lair rune preference: random
     0 | D:1      | 0 ||| qw: Goals: Normal
     0 | D:1      | 0 ||| PLANNING D:1-11
   256 | D:1      | Reached XP level 2. HP: 16/16 MP: 3/3
   407 | D:1      | Reached skill level 3 in Ranged Weapons
   725 | D:1      | 725 ||| DROPPING scarf of harm.
   726 | D:1      | 726 ||| UPGRADING to amulet of the acrobat.
   731 | D:1      | 731 ||| READING scroll labelled DELEHU UXOIREFRO.
   736 | D:1      | 736 ||| READING scroll labelled MOMEIPS LEISA.
   737 | D:1      | 737 ||| READING scroll labelled HOENTE DEFYTY.
   737 | D:1      | Identified a scroll of acquirement
   737 | D:1      | 737 ||| ACQUIRING 493 gold pieces
   737 | D:1      | Acquired 493 gold pieces
   739 | D:1      | 739 ||| READING scroll labelled ETSONU WEGEDD.
   740 | D:1      | 740 ||| READING scroll labelled AKIWNU GEORUNA.
   741 | D:1      | 741 ||| DROPPING scroll of poison.
   799 | D:2      | Noticed Jessica
   801 | D:2      | Killed Jessica
   802 | D:2      | Reached XP level 3. HP: 22/22 MP: 4/4
   844 | D:2      | 844 ||| FLEEEEING.
   845 | D:2      | 845 ||| FLEEEEING.
   846 | D:2      | 846 ||| FLEEEEING.
   847 | D:2      | 847 ||| FLEEEEING.
   848 | D:2      | 848 ||| FLEEEEING.
   850 | D:2      | 850 ||| FLEEEEING.
   851 | D:2      | 851 ||| FLEEEEING.
   852 | D:2      | 852 ||| FLEEEEING.
   853 | D:2      | 853 ||| FLEEEEING.
   854 | D:2      | 854 ||| FLEEEEING.
   855 | D:2      | 855 ||| FLEEEEING.
   856 | D:2      | 856 ||| FLEEEEING.
   857 | D:2      | 857 ||| FLEEEEING.
   858 | D:2      | 858 ||| FLEEEEING.
   865 | D:2      | 865 ||| FLEEEEING.
   882 | D:2      | 882 ||| SWAPPING to +1 sling of flaming.
   883 | D:2      | 883 ||| DROPPING +1 sling.
   967 | D:2      | Reached XP level 4. HP: 25/27 MP: 5/5
  1074 | D:2      | Noticed Terence
  1085 | D:2      | Killed Terence
  1086 | D:2      | Reached skill level 4 in Ranged Weapons
  1476 | D:2      | 1476 ||| UPGRADING to +0 ring mail.
  1486 | D:2      | 1486 ||| DROPPING +0 robe.
  1487 | D:2      | 1487 ||| READING scroll labelled BAODO FYOC.
  1488 | D:2      | 1488 ||| READING scroll labelled ISINUB BUAR.
  1771 | D:3      | Reached XP level 5. HP: 32/32 MP: 6/6
  2003 | D:3      | Reached skill level 1 in Armour
  2148 | D:3      | Found a runed translucent door.
  2149 | D:3      | Noticed Crazy Yiuf
  2216 | D:3      | 2216 ||| DRINKING 2 grey potions.
  2217 | D:3      | 2217 ||| READING 2 scrolls of identify.
  2217 | D:3      | 2217 ||| IDENTIFYING clear potion
  2455 | D:4      | Reached skill level 5 in Ranged Weapons
  2490 | D:4      | Reached skill level 3 in Fighting
  2490 | D:4      | Reached XP level 6. HP: 32/38 MP: 7/7
  2870 | D:4      | 2870 ||| UPGRADING to ring of positive energy.
  2871 | D:4      | 2871 ||| DRINKING 2 cyan potions.
  2934 | D:5      | Entered Level 5 of the Dungeon
  2971 | D:5      | 2971 ||| DRINKING potion of curing.
  2971 | D:5      | 2971 ||| (to cure confusion)
  2997 | D:5      | HP: 7/38 [something/magic dart (7)]
  2998 | D:5      | 2998 ||| READING scroll of teleportation.
  3000 | D:5      | HP: 1/38 [hound (4)]
  3004 | D:5      | Slain by a phantom

Levels and vault maps discovered:
D:1:      lemuel_arrival_rhombus, layout_loops_ring, minmay_distorted
D:2:      minmay_alternating_diamond, layout_loops_ring, uniq_terence,
          uniq_jessica
D:3:      layout_loops_ring, uniq_crazy_yiuf_cottage
D:4:      layout_gridville, roderic_roman_lattice
D:5:      layout_loops_cross, uniq_grinder

Skill      XL: |  1  2  3  4  5 |
---------------+----------------+-----
Ranged Weapons | 3 4 5 |  5.3
Fighting       | 2 3 |  3.8
Armour         | 1 |  1.0
Dodging        | |  1.5
Spellcasting   | |  1.0
Hexes          | |  2.6

Action                     |  1- 3 |  4- 6 || total
---------------------------+-------+-------++-------
   Fire: Sling             |    90 |   164 ||   254
    Use: Scroll            |     5 |     4 ||     9
         Potion            |       |     3 ||     3
 Armour: Robe              |    10 |     3 ||    13
         Ring mail         |       |    52 ||    52
  Dodge: Dodged            |    32 |   105 ||   137

Table legend:
 A = Non-vault XP
 B = Vault XP
 C = Vault XP percentage of total XP
 D = Non-vault monster count
 E = Vault monster count
 F = Vault count percentage of total count
                 A         B        C        D         E       F
            +---------+---------+-------+---------+---------+-------
      Total |     356 |      78 |  18.0 |      64 |       5 |   7.2
            +---------+---------+-------+---------+---------+-------
        D:1 |      27 |       3 |  10.0 |      14 |       2 |  12.5
        D:2 |      50 |      75 |  60.0 |      19 |       3 |  13.6
        D:3 |      22 |       0 |   0.0 |      10 |       0 |   0.0
        D:4 |     235 |       0 |   0.0 |      17 |       0 |   0.0
        D:5 |      22 |       0 |   0.0 |       4 |       0 |   0.0
            +---------+---------+-------+---------+---------+-------
